 Dungeon Crawl Stone Soup version 0.23-a0-539-g3f6f39f (webtiles) character file.

114 nikopol the Firebug (level 4, -7/24 HPs)
             Began as a Deep Elf Fire Elementalist on Dec 7, 2018.
             Mangled by an ogre
             ... wielding a +0 giant club
              (14 damage)
             ... on level 3 of the Dungeon.
             The game lasted 00:05:13 (1774 turns).

nikopol the Firebug (Deep Elf Fire Elementalist)    Turns: 1774, Time: 00:05:14

Health: -7/24      AC:  3    Str:  5    XL:     4   Next: 66%
Magic:  8/12       EV: 13    Int: 21    God:
Gold:   152        SH:  0    Dex: 15    Spells: 10/11 levels left

rFire    . . .     SeeInvis .   b - +0 dagger
rCold    . . .     Gourm    +   (no shield)
rNeg     . . .     Faith    .   a - +0 robe
rPois    .         Spirit   .   i - +0 helmet
rElec    .         Reflect  .   (no cloak)
rCorr    .         Harm     .   (no gloves)
MR       .....                  (no boots)
Stlth    ++........             m - amulet of the gourmand
HPRegen  0.08/turn              (no ring)
MPRegen  0.13/turn              (no ring)

@: no status effects
A: no striking features
a: no special abilities


You were on level 3 of the Dungeon.
You were not hungry.

You visited 1 branch of the dungeon, and saw 3 of its levels.

You collected 152 gold pieces.

Inventory:

Hand Weapons
 b - a +0 dagger (weapon)
Armour
 a - a +0 robe (worn)
 i - a +0 helmet (worn)
Jewellery
 m - an amulet of the gourmand (around neck)
Scrolls
 f - 2 scrolls of remove curse {unknown}
 g - a scroll of magic mapping {unknown}
 h - 5 scrolls of identify {unknown}
 j - a scroll of teleportation {unknown}
 k - a scroll of fog {unknown}
 l - a scroll of random uselessness {unknown}
Potions
 d - 3 potions of curing {unknown}
 e - a potion of degeneration {unknown}
Comestibles
 c - 5 rations


   Skills:
 + Level 0.1 Fighting
 + Level 2.9 Dodging
 + Level 2.5 Stealth
 + Level 4.4 Spellcasting
 + Level 2.1 Conjurations
 + Level 4.6 Fire Magic


You had 10 spell levels left.
You knew the following spells:

 Your Spells              Type           Power        Failure   Level  Hunger
a - Flame Tongue          Conj/Fire      ###..        2%          1    None

Your spell library contained the following spells:

 Spells                   Type           Power        Failure   Level  Hunger
 Throw Flame              Conj/Fire      ###...       4%          2    #......
 Conjure Flame            Conj/Fire      ###.....     9%          3    ##.....
 Inner Flame              Hex/Fire       ##......     14%         3    ##.....
 Sticky Flame             Conj/Fire      ###.....     28%         4    ####...
 Fireball                 Conj/Fire      ###.......   61%         5    ######.


Dungeon Overview and Level Annotations

Branches:
Dungeon (3/15)

Altars:
Elyvilon
Hepliaklqana
Ru
Sif Muna


Message History

The flame tongue hits the ogre.
The ogre is moderately wounded.
Casting: Flame Tongue (safe; 2% risk of failure)
Confirm with . or Enter, or press ? or * to list all spells.
Aiming: Flame Tongue (safe; 2% risk of failure)
Press: ? - help, Shift-Dir - straight line, f/p - ogre
Aim: an ogre, wielding a +0 giant club (moderately wounded)
The flame tongue hits the ogre.
The ogre is moderately wounded.
The ogre hits you with a +0 giant club!
Ouch! That really hurt!
* * * LOW HITPOINT WARNING * * *
Casting: Flame Tongue (safe; 2% risk of failure)
Confirm with . or Enter, or press ? or * to list all spells.
Aiming: Flame Tongue (safe; 2% risk of failure)
Press: ? - help, Shift-Dir - straight line, f/p - ogre
Aim: an ogre, wielding a +0 giant club (moderately wounded)
The flame tongue misses the ogre.
The ogre hits you with a +0 giant club!
Ouch! That really hurt!
You die...

#..............†..##
#.##..##...#.#..........
......##........####.#.#
#.......................
.>.....#...#.###.###.#.#
........................
...........#.#........#
..#..#.#.#...#†.O.....# .
#..#...#...#..@.....#
..#..##..#...##....#######
..#..##..#.^.##....# #...#
.....###.#...##....###...#
.....# #.................#
....†###....####.####...)#
.........................#
#....###....####.####.####
#....# #....####.####.#


You could see an ogre.

Vanquished Creatures
  2 adders
  2 oozes (D:2)
  A worm (D:3)
  2 dart slugs (D:1)
  5 leopard geckos
  2 orcs (D:3)
  3 giant cockroaches
  6 goblins
  10 hobgoblins
  11 jackals
  2 quokkas (D:2)
  5 bats
  4 frilled lizards
  6 kobolds (D:1)
  6 rats
67 creatures vanquished.

Notes
Turn   | Place    | Note
-------+----------+-------------------------------------------
     0 | D:1      | nikopol the Deep Elf Fire Elementalist began the quest for
                  | the Orb.
     0 | D:1      | Reached XP level 1. HP: 10/10 MP: 6/6
   115 | D:1      | Reached XP level 2. HP: 15/15 MP: 5/8
   374 | D:1      | Reached XP level 3. HP: 17/19 MP: 6/9
   803 | D:2      | Found a deep blue altar of Sif Muna.
  1036 | D:2      | Reached XP level 4. HP: 24/24 MP: 6/11
  1139 | D:2      | Found a white marble altar of Elyvilon.
  1477 | D:2      | Found a hazy altar of Hepliaklqana.
  1724 | D:3      | Found a sacrificial altar of Ru.
  1768 | D:3      | Noticed an ogre
  1774 | D:3      | Mangled by an ogre

Vault maps used:
D:1:      dpeg_arrival_tiny_f, ebering_dispersal_statue_hall
D:2:      lemuel_coloured_pillars_altar, lemuel_crystal_altar,
          lemuel_crystal_altar, first_ration, serial_forest,
          infiniplex_forest_clump_small, infiniplex_forest_clump_double,
          infiniplex_forest_corner_2, infiniplex_forest_lined_3,
          infiniplex_forest_clump_diagonal, infiniplex_forest_straight_4,
          infiniplex_forest_end_1, infiniplex_forest_side_room,
          infiniplex_forest_clump_small
D:3:      overflow_temple_1_default, kennysheep_generic_room_3

Skill      XL: |  1  2  3  4 |
---------------+-------------+-----
Fire Magic     | 4 |  4.6
Spellcasting   | 4 |  4.4
Conjurations   | 2 |  2.1
Fighting       | |  0.1
Dodging        | |  2.9
Stealth        | |  2.5

Action                   |  1- 3 |  4- 6 || total
-------------------------+-------+-------++-------
Melee: Dagger            |     6 |     1 ||     7
 Cast: Flame Tongue      |    72 |    55 ||   127
  Eat: Chunk             |       |     2 ||     2
Armor: Robe              |     3 |     4 ||     7
Dodge: Dodged            |    16 |    27 ||    43

Table legend:
 A = Non-vault XP
 B = Vault XP
 C = Vault XP percentage of total XP
 D = Non-vault monster count
 E = Vault monster count
 F = Vault count percentage of total count
                 A         B        C        D         E       F
            +---------+---------+-------+---------+---------+-------
      Total |     163 |       0 |   0.0 |      67 |       0 |   0.0
            +---------+---------+-------+---------+---------+-------
        D:1 |      64 |       0 |   0.0 |      35 |       0 |   0.0
        D:2 |      68 |       0 |   0.0 |      24 |       0 |   0.0
        D:3 |      31 |       0 |   0.0 |       8 |       0 |   0.0
            +---------+---------+-------+---------+---------+-------
